 Dungeon Crawl Stone Soup version 0.17-a0-2148-g9c1f372 (webtiles) character file.

57 jeremiah30 the Skirmisher (level 4, 0/40 HPs)
             Began as a Hill Orc Fighter on Oct 24, 2015.
             Killed from afar by Sigmund (7 damage)
             ... with a magic dart
             ... on level 2 of the Dungeon.
             The game lasted 00:21:24 (2187 turns).

jeremiah30 the Skirmisher (Hill Orc Fighter)        Turns: 2187, Time: 00:21:24

Health: 0/40       AC:  8    Str: 19    XL:     4   Next: 0%
Magic:  4/4        EV:  8    Int:  8    God:
Gold:   87         SH:  9    Dex: 10    Spells: 0 memorised, 3 levels left

rFire  . . .     SeeInvis .     a - +1 long sword
rCold  . . .     Clarity  .     f - +1 ring mail
rNeg   . . .     SustAt   .     c - +0 shield
rPois  .         Gourm    .     (no helmet)
rElec  .         Spirit   .     (no cloak)
rCorr  .         Warding  .     h - +0 pair of gloves
rMut   .         Stasis   .     (no boots)
MR     .....                    (no amulet)
Stlth  ..........               (no ring)
                                e - ring of loudness (curse)

@: not resistant to hostile enchantments, extremely unstealthy
A: no striking features
a: no special abilities


You were on level 2 of the Dungeon.
You were not hungry.

You visited 1 branch of the dungeon, and saw 2 of its levels.

You collected 87 gold pieces.

Inventory:

Hand Weapons
 a - a +1 long sword (weapon)
Armour
 c - a +0 shield (worn)
 f - a +1 ring mail (worn)
 h - a +0 pair of gloves (worn)
Jewellery
 e - a cursed ring of loudness (left hand)
Scrolls
 i - a scroll of random uselessness {unknown}
Potions
 d - a potion of might
 g - a potion of curing {unknown}
 j - a potion of flight {unknown}
 k - a potion of lignification {unknown}
 n - a potion of experience {unknown}
 o - a potion of haste {unknown}
Comestibles
 b - a meat ration
 l - a bread ration
 m - a fruit


   Skills:
 + Level 3.9 Fighting
 + Level 2.5 Long Blades
 + Level 3.9 Armour
 + Level 0.4 Dodging
 * Level 1.0 Stealth
 + Level 3.7 Shields


You had 3 spell levels left.
You didn't know any spells.

Dungeon Overview and Level Annotations

Branches:
Dungeon (2/15)

Altars:
Ashenzari
Makhleb
Nemelex Xobeh
Trog

Annotations:
D:2 Sigmund


Message History

Something hits you but does no damage. Something hits you but does no damage.
Something hits you. Something hits you but does no damage.
Something hits you but does no damage.
A magic dart appears from out of thin air!
The magic dart hits you!
A magic dart appears from out of thin air!
The magic dart hits you! Something hits you.
You closely miss something. You block its attack.
You hit something. Something hits you!
* * * LOW HITPOINT WARNING * * *
You hit something but do no damage. Something hits you.
* * * LOW HITPOINT WARNING * * *
You barely miss something.
You hear some strange, mumbled words.
A magic dart appears from out of thin air!
The magic dart hits you!
You die...

... ##...#...#.#...##.# #........
.## #...#...#.#...##.###.#....(.
#...# ..#.#...#......#.###..
#...#..................# #..
#...#..##.###........#.# #.#
#...#......................# #.
#...##.####.###......#.#.#.#
#.##..............#######.....#
#..#....#.####@##...# #.#.###
#..#....#.# #{##..## ##..# #
.###.#..^.#.# #.##..# . #
.......<....# #.##.### ###. #
.#.#......#.# #.##...# #...###
.#.#......#.####.##...+...+......
..........................#...#<.
..##..#.#.######.#####.._..# ###
........#.# #.##### ##.


There were no monsters in sight!

Vanquished Creatures
  An adder (D:2)
  An ooze (D:1)
  A worm (D:2)
  2 giant geckos (D:1)
  3 goblins
  6 hobgoblins
  6 jackals (D:1)
  5 kobolds
  A ball python (D:1)
  6 bats
  A giant newt (D:1)
  3 rats (D:1)
36 creatures vanquished.

Notes
Turn   | Place    | Note
--------------------------------------------------------------
     0 | D:1      | jeremiah30 the Hill Orc Fighter began the quest for the Orb.
     0 | D:1      | Reached XP level 1. HP: 19/19 MP: 1/1
   528 | D:1      | Reached XP level 2. HP: 25/27 MP: 2/2
   869 | D:1      | Reached XP level 3. HP: 33/33 MP: 3/3
  1362 | D:2      | Found a shattered altar of Ashenzari.
  1362 | D:2      | Found a bloodstained altar of Trog.
  1729 | D:2      | Found a sparkling altar of Nemelex Xobeh.
  1847 | D:2      | Reached skill level 1 in Stealth
  2012 | D:2      | Reached XP level 4. HP: 40/40 MP: 4/4
  2156 | D:2      | Found a burning altar of Makhleb.
  2157 | D:2      | Noticed Sigmund
  2187 | D:2      | Killed from afar by Sigmund

Vault maps used:
D:1:      erik_arrival_cave_to_civilisation
D:2:      grunt_temple_overflow_order_and_chaos_2,
          nemelex_xobeh_ov_fountains_minmay, gammafunk_temple_overflow_elements,
          ecumenical_altar_2, uniq_sigmund

Action                   |  1- 3 |  4- 6 || total
-------------------------+-------+-------++-------
Melee: Long sword        |    89 |     4 ||    93
  Use: Scroll            |     7 |       ||     7
       Potion            |     2 |       ||     2
  Eat: Bread ration      |     1 |       ||     1
